Map: Mist Opportunities

Players

TrucEtrange

  • Race: Protoss Protoss

Araon

  • Race: Zerg Zerg

VOD

Have the link to the VOD?

Description

Time

  • Played on: Feb. 12, 2023, 6:37 a.m.
  • Length: 31:29
Show
View Real Time Build Order
Export as new Build Order

TrucEtrange Protoss 

Build Orders:  

Get SALT Encoding   

    1:09  Probe x12 (Chrono Boost)  
    1:18  Unknown x4  
  12  1:23  Probe (Chrono Boost)  
  13  1:33  Probe (Chrono Boost)  
  14  1:43  Probe (Chrono Boost)  
  15  1:52  Pylon  
  15  1:54  Probe (Chrono Boost)  
  16  2:03  Probe (Chrono Boost)  
  17  2:13  Probe (Chrono Boost)  
  18  2:23  Probe (Chrono Boost)  
  19  2:33  Probe (Chrono Boost)  
  19  2:34  Assimilator  
  19  2:36  Assimilator  
  20  2:43  Probe (Chrono Boost)  
  21  2:51  Forge  
  21  2:55  Probe (Chrono Boost)  
  22  3:05  Probe (Chrono Boost)  
  23  3:15  Gateway  
  23  3:26  Pylon  
  23  3:27  Probe (Chrono Boost)  
  24  3:30  Solar Efficiency Level 1  
  24  3:37  Probe (Chrono Boost)  
  25  3:47  Probe (Chrono Boost)  
  26  3:57  Probe (Chrono Boost)  
  27  4:00  Pylon  
  27  4:36  Pylon  
  27  4:38  Photon Cannon  
  27  4:53  Pylon  
  27  4:57  Enhanced Targeting  
  27  5:03  Photon Cannon  
  27  5:06  Photon Cannon  
  27  5:32  Pylon  
  27  5:37  Photon Cannon  
  27  5:48  Photon Cannon  
  27  6:11  Nexus  
  27  6:17  Probe (Chrono Boost)  
  29  6:32  Probe (Chrono Boost)  
  29  6:46  Probe (Chrono Boost)  
  30  6:52  Khaydarin Monolith, Optimized Ordinance  
  30  7:06  Probe (Chrono Boost)  
  32  7:21  Probe (Chrono Boost)  
  32  7:48  Cybernetics Core  
  32  7:55  Probe (Chrono Boost)  
  32  7:59  Probe (Chrono Boost)  
  34  8:04  Probe (Chrono Boost)  
  36  8:14  Probe (Chrono Boost)  
  36  8:15  Probe (Chrono Boost)  
  37  8:28  Probe (Chrono Boost)  
  39  8:30  Assimilator  
  39  8:31  Probe (Chrono Boost)  
  39  8:38  Assimilator  
  40  8:41  Protoss Shields Level 1  
  40  8:43  Probe (Chrono Boost)  
  40  8:44  Fortification Barrier  
  40  8:46  Probe (Chrono Boost)  
  41  8:58  Probe (Chrono Boost)  
  43  9:01  Probe (Chrono Boost)  
  44  9:10  Advanced Repair Systems  
  44  9:13  Probe (Chrono Boost)  
  44  9:15  Probe (Chrono Boost)  
  45  9:26  Solar Efficiency Level 2  
  45  9:27  Probe (Chrono Boost)  
  45  9:29  Twilight Council  
  47  9:30  Probe (Chrono Boost)  
  47  9:45  Pylon  
  47  9:52  Rapid Recharging, Photon Cannon x2  
  47  9:53  Photon Cannon  
  47  9:54  Photon Cannon  
  47  10:05  Pylon  
  47  10:23  Protoss Shields Level 2  
  47  10:36  Energizer  
  47  10:40  Unknown x3  
  47  10:43  Energizer  
  47  10:49  Energizer  
  47  10:51  Solar Flare  
  49  11:03  Energizer  
  55  11:35  Energizer  
  57  12:11  Shield Battery  
  57  12:13  Shield Battery  
  57  12:15  Shield Battery  
  57  12:17  Energizer  
  57  12:22  Shield Battery  
  57  12:27  Energizer  
  57  12:31  Photon Cannon  
  57  12:32  Photon Cannon  
  57  12:35  Phase Detonation, Photon Cannon  
  57  12:37  Photon Cannon  
  57  12:38  Photon Cannon  
  57  12:40  Photon Cannon  
  57  12:46  Khaydarin Monolith  
  57  12:47  Khaydarin Monolith  
  57  12:51  Khaydarin Monolith  
  57  13:21  Photon Cannon  
  57  13:23  Khaydarin Monolith  
  57  13:27  Energizer  
  59  13:56  Photon Cannon  
  59  13:59  Energizer, Photon Cannon  
  61  14:15  Energizer  
  61  14:18  Shield Battery  
  61  14:22  Shield Battery  
  61  14:25  Shield Battery  
  61  14:31  Energizer  
  61  14:39  Shield Battery  
  63  14:41  Shield Battery  
  63  14:44  Energizer  
  63  14:45  Photon Cannon  
  63  14:47  Protoss Shields Level 3  
  63  14:48  Photon Cannon  
  63  15:03  Energizer  
  63  15:04  Khaydarin Monolith  
  63  15:08  Khaydarin Monolith  
  65  15:19  Photon Cannon  
  65  15:29  Khaydarin Monolith  
  65  15:35  Energizer  
  65  15:37  Khaydarin Monolith  
  65  15:43  Photon Cannon  
  65  15:48  Photon Cannon  
  67  16:07  Energizer  
  67  16:13  Energizer  
  69  16:40  Energizer  
  71  16:56  Energizer  
  71  17:03  Energizer  
  71  17:09  Energizer  
  71  17:10  Shield Battery  
  74  18:19  Probe (Chrono Boost)  
  75  18:29  Energizer  
  75  18:38  Shield Battery  
  75  18:40  Shield Battery  
  75  18:44  Photon Cannon x2  
  75  18:48  Photon Cannon  
  75  18:52  Photon Cannon  
  75  18:54  Khaydarin Monolith  
  75  19:00  Khaydarin Monolith  
  75  19:19  Khaydarin Monolith  
  75  19:24  Photon Cannon  
  75  19:27  Khaydarin Monolith  
  75  19:38  Shield Battery  
  75  19:43  Khaydarin Monolith  
  75  19:46  Khaydarin Monolith  
  75  19:47  Energizer  
  77  20:04  Khaydarin Monolith  
  77  20:05  Khaydarin Monolith  
  77  20:19  Energizer  
  79  20:51  Energizer  
  81  21:17  Shield Battery  
  81  21:18  Shield Battery  
  81  21:20  Shield Battery  
  81  21:21  Shield Battery  
  81  21:23  Energizer, Shield Battery  
  81  21:25  Shield Battery  
  81  21:26  Shield Battery  
  81  21:27  Shield Battery  
  83  21:51  Photon Cannon  
  83  21:52  Photon Cannon  
  83  21:55  Energizer, Photon Cannon  
  83  21:57  Photon Cannon  
  83  21:59  Photon Cannon  
  83  22:01  Photon Cannon  
  83  22:02  Photon Cannon  
  83  22:04  Photon Cannon  
  85  22:37  Energizer  
  85  22:40  Energizer  
  85  22:42  Energizer  
  85  22:43  Energizer  
  85  23:07  Photon Cannon  
  85  23:08  Photon Cannon  
  85  23:18  Photon Cannon  
  85  23:19  Photon Cannon  
  85  23:21  Photon Cannon  
  85  23:23  Photon Cannon  
  85  23:25  Photon Cannon  
  85  23:26  Energizer  
  85  23:42  Photon Cannon  
  85  24:21  Khaydarin Monolith  
  85  24:24  Khaydarin Monolith  
  85  24:29  Khaydarin Monolith  
  85  24:34  Khaydarin Monolith  
  85  24:35  Energizer  
  85  24:37  Khaydarin Monolith  
  87  25:07  Energizer  
  89  25:39  Energizer  
  89  25:43  Shield Battery x2  
  89  25:46  Shield Battery  
  89  25:48  Shield Battery  
  91  25:51  Shield Battery  
  91  25:54  Shield Battery  
  91  26:04  Photon Cannon  
  91  26:05  Photon Cannon  
  91  26:07  Photon Cannon  
  91  26:08  Energizer  
  91  26:09  Photon Cannon  
  91  26:11  Photon Cannon  
  91  26:12  Energizer  
  91  26:14  Photon Cannon x2  
  93  26:20  Photon Cannon  
  93  26:29  Photon Cannon  
  93  26:31  Photon Cannon  
  93  26:33  Photon Cannon  
  93  26:50  Photon Cannon  
  93  27:35  Photon Cannon  
  93  27:39  Photon Cannon  
  93  27:45  Khaydarin Monolith x2  
  93  27:49  Khaydarin Monolith  
  93  27:52  Khaydarin Monolith  
  93  28:04  Photon Cannon  
  93  28:07  Khaydarin Monolith  
  93  28:10  Khaydarin Monolith  
  93  28:16  Khaydarin Monolith  
  93  28:18  Khaydarin Monolith  
  93  30:15  Energizer  
  89  31:04  Photon Cannon  
  89  31:05  Photon Cannon  
  89  31:09  Shield Battery  
Show
View Real Time Build Order
Export as new Build Order

Araon Zerg 

Build Orders:  

Get SALT Encoding   

    0:18  Hive  
    0:52  Drone x12  
    0:53  Overlord  
  6  1:25  Drone x2  
  7  1:33  Drone x2  
  8  1:42  Drone x2  
  9  1:56  Drone x2  
  9  1:58  Extractor  
  9  2:03  Drone x2  
  10  2:36  Spawning Pool  
  10  2:38  Drone x2  
  10  2:42  Overlord  
  10  2:45  Extractor  
  10  2:52  Centrifugal Hooks  
  10  3:00  Drone x2  
  10  3:08  Baneling Nest  
  11  3:19  Swarmling x8  
  17  3:20  Swarmling x4  
  17  3:37  Overlord  
  17  3:38  Drone x2  
  17  3:39  Drone x2  
  19  3:54  Drone x2  
  20  4:09  Drone x2  
  25  4:35  Hatchery  
  30  5:35  Extractor  
  30  5:37  Extractor  
  29  5:50  Lair  
  29  5:58  Drone x4  
  29  5:59  Drone x2  
  36  6:13  Overlord x3  
  36  6:14  Overlord  
  41  6:50  Drone x6, Evolution Chamber x2  
  41  7:02  Unknown  
  41  7:07  Drone x4  
  51  7:20  Scourge Nest  
  51  7:22  Corrosive Acid  
  51  7:26  Drone x2  
  51  7:27  Drone x8  
  51  7:28  Drone x2  
  60  7:55  Metabolic Boost  
  64  8:06  Hive  
  67  8:26  Scourge  
  67  8:29  Scourge  
  67  8:34  Scourge  
  67  8:41  Hatchery  
  67  8:46  Zerg Ground Armor Level 1, Hatchery  
  67  8:47  Hardened Carapace  
  67  8:50  Scourge  
  67  9:02  Hatchery  
  67  9:11  Scourge  
  67  9:17  Zerg Flyer Weapons Level 1  
  67  9:22  Overlord  
  67  9:23  Overlord, Hatchery  
  67  9:27  Scourge  
  67  9:29  Scourge x4  
  67  9:39  Hatchery  
  67  9:43  Rupture  
  67  9:46  Scourge x4  
  77  10:00  Shredding Claws  
  77  10:03  Scourge x4  
  77  10:07  Unknown  
  76  10:11  Simplified Genome  
  76  10:14  Adrenal Overload  
  76  10:18  Virulent Spores  
  79  10:20  Scourge x4  
  79  10:37  Scourge x4  
  89  10:50  Swarmling x4  
  89  10:51  Swarmling x44  
  89  10:54  Scourge x4  
  89  10:59  Zerg Flyer Weapons Level 2  
  106  11:01  Scourge x4  
  106  11:05  Scourge x4  
  106  11:08  Scourge x4  
  98  11:10  Overlord  
  98  11:11  Overlord x3, Overseer x2, Unknown, Scourge  
  98  11:12  Overlord, Scourge x2  
  98  11:14  Scourge  
  98  11:15  Scourge x2  
  98  11:16  Scourge x2  
  98  11:18  Overlord  
  98  11:19  Overlord, Scourge x4  
  110  11:36  Scourge x4  
  110  11:37  Scourge x3  
  110  11:38  Swarmling x12  
  118  11:40  Swarmling x4  
  117  11:53  Scourge x4  
  117  11:54  Zerg Ground Armor Level 2  
  119  12:06  Unknown  
  114  12:10  Scourge x4  
  118  12:27  Scourge x4  
  123  12:30  Swarmling x8, Scourge x6  
  123  12:31  Swarmling x12  
  129  12:44  Zerg Flyer Weapons Level 3, Scourge x3  
  129  12:45  Scourge  
  123  12:50  Overseer  
  123  12:51  Overseer x2  
  121  13:01  Scourge  
  121  13:02  Scourge x3  
  124  13:13  Swarmling x4  
  124  13:14  Swarmling x32, Scourge x3  
  124  13:15  Scourge x6  
  149  14:14  Scourge x2  
  149  14:20  Scourge  
  149  14:21  Scourge  
  149  14:31  Scourge  
  149  14:33  Scourge  
  150  14:46  Zerg Ground Armor Level 3  
  150  14:55  Zerg Flyer Armor Level 1  
  150  14:56  Scourge x2  
  150  15:03  Scourge  
  150  15:04  Scourge  
  150  15:13  Scourge x4  
  150  15:30  Scourge x4  
  150  15:31  Unknown  
  140  15:47  Scourge x4  
  128  16:04  Scourge x4  
  128  16:07  Swarmling x4, Scourge x3  
  128  16:08  Swarmling x32, Scourge x21  
  128  16:09  Scourge x3  
  149  16:39  Scourge x4  
  149  16:56  Scourge x4  
  114  17:13  Scourge x4  
  82  17:20  Scourge x4  
  82  17:23  Scourge x2  
  82  17:24  Scourge x2  
  82  17:27  Scourge x4  
  82  17:28  Swarmling x8, Scourge x9  
  82  17:29  Swarmling x20, Scourge x30  
  59  17:30  Scourge x4  
  59  17:34  Scourge x4  
  59  17:37  Scourge x4  
  99  17:54  Scourge x4  
  99  17:55  Zerg Flyer Armor Level 2  
  90  18:11  Scourge x4  
  90  18:16  Swarmling x4, Scourge x3  
  90  18:17  Swarmling x40, Scourge x30  
  128  18:28  Swarmling x4  
  128  18:29  Swarmling x28  
  150  18:33  Scourge  
  150  18:34  Scourge  
  150  18:37  Scourge  
  150  18:38  Scourge  
  150  18:50  Scourge x4  
  139  19:07  Scourge x2  
  145  19:12  Swarmling x4  
  145  19:13  Swarmling x4  
  145  19:19  Scourge  
  150  19:20  Scourge  
  150  19:24  Scourge  
  150  19:25  Scourge x3  
  150  19:29  Zerg Flyer Armor Level 3  
  121  19:42  Scourge x4  
  123  19:53  Swarmling x20, Scourge x3  
  123  19:54  Swarmling x4, Scourge x12  
  123  19:58  Overlord  
  123  19:59  Overlord x3  
  145  20:00  Overlord x2  
  145  20:11  Scourge  
  145  20:12  Scourge  
  145  20:14  Overseer x4  
  149  21:09  Scourge  
  149  21:10  Scourge x2  
  149  21:11  Scourge  
  149  21:26  Scourge x4  
  122  21:43  Scourge x4  
  120  21:53  Swarmling x4  
  120  21:54  Swarmling x12, Scourge x6  
  120  21:55  Swarmling x4, Scourge x18  
  120  21:57  Swarmling x4  
  120  21:58  Swarmling x4  
  149  22:00  Scourge  
  150  22:36  Scourge x2  
  150  22:37  Scourge x2  
  150  22:44  Scourge x4  
  150  22:47  Scourge x4  
  150  22:51  Scourge x4  
  150  22:54  Scourge x4  
  150  22:57  Scourge  
  150  22:58  Scourge x3  
  119  23:01  Scourge x4  
  131  23:17  Scourge x4  
  135  23:34  Scourge x4  
  134  23:49  Swarmling x4  
  143  23:50  Swarmling x16  
  143  23:51  Scourge x4  
  138  24:06  Swarmling x8  
  138  24:07  Swarmling x24  
  138  24:08  Swarmling x4, Scourge x4  
  141  24:18  Swarmling x4, Scourge x3  
  141  24:19  Swarmling x12, Scourge x9  
  133  24:25  Scourge x4  
  133  24:29  Swarmling x4, Scourge x3  
  113  24:30  Swarmling x20, Scourge x27  
  113  24:31  Scourge x15  
  140  24:43  Scourge x4  
  128  24:50  Swarmling x4, Scourge x3  
  128  24:51  Scourge x24  
  128  24:53  Swarmling x8  
  128  24:54  Swarmling x16  
  149  25:00  Scourge x4  
  144  25:17  Scourge x3  
  144  25:18  Scourge  
  134  25:25  Swarmling x4  
  134  25:26  Swarmling x32  
  134  25:27  Swarmling x16  
  121  28:31  Scourge x4  
  121  28:38  Swarmling x4  
  121  28:39  Swarmling x56  
  121  28:57  Swarmling x4  
  121  28:58  Swarmling x28  
  121  28:59  Swarmling x32  
  150  29:23  Scourge x2  
  150  29:24  Scourge  
  150  29:25  Scourge  
  143  29:40  Scourge x4  
  142  29:57  Scourge x4  
  149  30:14  Scourge x2  
  149  30:48  Scourge  
Tags
 
Add a new tag
Caveats
  • Supply blocks, unpowered buildings, or Contaminate may cause inaccurate times.
  • Supply counts are checked every 10 seconds.